 Dungeon Crawl Stone Soup version 0.19-a0-27-g415f530 (webtiles) character file.

856 Ratboiler the Slicer (level 8, 0/61 HPs)
             Began as a Kobold Wanderer on May 1, 2016.
             Was an Initiate of Trog.
             Succumbed to a scorpion's poison
             ... on level 6 of the Dungeon.
             The game lasted 00:12:36 (6679 turns).

Ratboiler the Slicer (Kobold Wanderer)              Turns: 6679, Time: 00:12:36

Health: 0/61       AC: 24    Str:  7    XL:     8   Next: 22%
Magic:  11/11      EV:  3    Int: 11    God:    Trog [......]
Gold:   282        SH:  8    Dex: 20    Spells: 0 memorised, 11 levels left

rFire  . . .     SeeInvis .     a - +0 dagger (elec)
rCold  . . .     Gourm    .     (armour currently unavailable)
rNeg   + + +     Faith    +     m - +0 shield
rPois  +         Spirit   .     (helmet currently unavailable)
rElec  .         Dismiss  .     (cloak currently unavailable)
rCorr  .         Reflect  .     (gloves currently unavailable)
SustAt .         Harm     .     (boots currently unavailable)
MR     .....     NoTele   +     l - amulet of faith
Stlth  ++........               (no ring)
                                (no ring)

@: lethally poisoned (0 -> -6), tree-form, not resistant to hostile
enchantments, unstealthy
A: carnivore 3
a: Burn Spellbooks, Renounce Religion


You were on level 6 of the Dungeon.
You worshipped Trog.
Trog was noncommittal.
You were completely stuffed.
You were a tree.
You visited 2 branches of the dungeon, and saw 7 of its levels.

You collected 282 gold pieces.

Inventory:

Hand Weapons
 a - a +0 dagger of electrocution (weapon)
 e - a +0 dagger
 v - a +1 short sword of draining
Missiles
 g - 27 poisoned needles
Armour
 d - a +0 robe
 m - a +0 shield (worn)
 n - a +0 ring mail
 s - a +0 helmet (melded)
 x - a +3 ring mail (melded)
Jewellery
 h - an uncursed amulet of guardian spirit
 l - an amulet of faith (around neck)
Wands
 o - a wand of hasting (0/9)
Scrolls
 r - 2 scrolls of remove curse
Potions
 k - a potion of flight
 p - 3 potions of lignification
 q - a potion of agility
 w - a potion of magic
Comestibles
 c - 2 chunks of flesh
 f - 3 meat rations


   Skills:
 * Level 11.1 Short Blades
 - Level 1.3 Stealth
 - Level 1.0 Shields
 - Level 2.0 Unarmed Combat
 - Level 2.0 Spellcasting
   Level 3.0 Summonings
 - Level 1.2 Evocations


You had 11 spell levels left.
You didn't know any spells.

Dungeon Overview and Level Annotations

Branches:
Dungeon (6/15)             Temple (1/1) D:5

Altars:
Fedhas
Gozag
Makhleb
Nemelex Xobeh
Qazlal
Sif Muna
Trog
Vehumet
Xom
Yredelemnul
Zin
The Shining One

Annotations:
D:6 Gruesome's ghost, novice OpTm


Innate Abilities, Weirdness & Mutations

You are small and have problems with some larger weapons.
You are carnivorous and can eat meat at any time.


Message History

There is a lethal amount of poison in your body!
There is a lethal amount of poison in your body!
Read which item? (? for menu, Esc to quit)
As you read the scroll labeled HAHYKI JOHEFAO, it crumbles to dust.
You hear the tinkle of a tiny bell.
It was a scroll of random uselessness.
* * * LOW HITPOINT WARNING * * *
You feel sick.
Read which item? (? for menu, Esc to quit)
As you read the scroll of random uselessness, it crumbles to dust.
Your +0 dagger of electrocution glows dark azure for a moment.
* * * LOW HITPOINT WARNING * * *
You feel sick.
* * * LOW HITPOINT WARNING * * *
You feel sick.
* * * LOW HITPOINT WARNING * * *
You feel sick.
* * * LOW HITPOINT WARNING * * *
You feel sick.
You die...

#### ##.>#
#.b♣# #.b.#
##b.# #b.# #..#
..b. ...# .....
...# ....#####
#..# #
.######W.?##..#
.# ##.....?.#
.##


There were no monsters in sight!

Vanquished Creatures
  A black bear (D:6)
  2 ogres
  A scorpion (D:6)
  A centaur zombie (D:3)
  A crimson imp (D:5)
  An iron imp (D:4)
  An orc priest (D:5)
  3 orc wizards
  2 iguanas
  2 worker ants
  A killer bee zombie (D:5)
  A worker ant zombie (D:6)
  Robin (D:2)
  3 adders
  2 shadow imps (D:5)
  An ooze (D:6)
  3 worms
  2 dart slugs
  4 giant geckos
  21 orcs
  6 bats
  6 giant cockroaches
  20 goblins
  11 hobgoblins
  7 jackals
  3 quokkas
  A ball python (D:1)
  A giant gecko skeleton (D:4)
  3 giant newts
  A jackal skeleton (D:3)
  A jackal zombie (D:5)
  10 kobolds
  6 rats
130 creatures vanquished.

Notes
Turn   | Place    | Note
--------------------------------------------------------------
     0 | D:1      | Ratboiler the Kobold Wanderer began the quest for the Orb.
     0 | D:1      | Ratboiler set off with: a +0 shield, the Compendium of the Lamprey, a scroll of teleportation, a +0 robe, a +0 dagger, a meat ration
     0 | D:1      | Reached XP level 1. HP: 10/10 MP: 3/3
    21 | D:1      | Identified the Compendium of the Lamprey
    30 | D:1      | Reached skill level 1 in Short Blades
   439 | D:1      | Reached skill level 2 in Short Blades
   439 | D:1      | Reached XP level 2. HP: 10/15 MP: 5/5
  1245 | D:1      | Reached skill level 3 in Short Blades
  1449 | D:1      | Reached XP level 3. HP: 19/19 MP: 6/6
  1835 | D:2      | Reached skill level 4 in Short Blades
  1844 | D:2      | Reached XP level 4. HP: 17/24 MP: 7/7
  2403 | D:2      | Noticed Robin
  2588 | D:2      | Reached skill level 5 in Short Blades
  2698 | D:2      | Killed Robin
  2938 | D:2      | Reached XP level 5. HP: 26/28 MP: 6/8
  3280 | D:3      | Found a blossoming altar of Fedhas.
  3371 | D:3      | Reached skill level 6 in Short Blades
  3648 | D:3      | Found a deep blue altar of Sif Muna.
  3728 | D:3      | Reached skill level 7 in Short Blades
  3728 | D:3      | Reached XP level 6. HP: 28/32 MP: 9/9
  3929 | D:4      | Noticed an ogre
  4028 | D:4      | Found a burning altar of Makhleb.
  4740 | D:4      | Reached skill level 8 in Short Blades
  4929 | D:3      | Found a shimmering altar of Xom.
  4986 | D:4      | Found a sparkling altar of Nemelex Xobeh.
  5052 | D:4      | Found a glowing golden altar of the Shining One.
  5207 | D:5      | Entered Level 5 of the Dungeon
  5377 | D:5      | Reached XP level 7. HP: 33/36 MP: 1/10
  5516 | D:5      | Reached skill level 9 in Short Blades
  5738 | D:5      | HP: 1/36 [ogre/giant club (9)]
  6111 | D:5      | Found a staircase to the Ecumenical Temple.
  6119 | Temple   | Entered the Ecumenical Temple
  6219 | Temple   | Became a worshipper of Trog the Wrathful
  6308 | D:6      | Noticed Gruesome's ghost (novice OpTm)
  6339 | D:6      | Reached skill level 10 in Short Blades
  6502 | D:6      | Reached XP level 8. HP: 25/41 MP: 11/11
  6673 | D:6      | Reached skill level 11 in Short Blades
  6675 | D:6      | HP: 3/61 [poisoned by a scorpion]
  6677 | D:6      | HP: 1/61 [poisoned by a scorpion]
  6679 | D:6      | Succumbed to a scorpion's poison

Vault maps used:
D:1:      lightli_arrival_noodles, hex_large
D:2:      kennysheep_goblin_castle, first_bread
D:3:      nicolae_overflow_hidden_temple, old_standard_altar,
          old_standard_altar, serial_park_tiny_2
D:4:      kennysheep_mini_moat, kennysheep_mini, nemelex_altar_shiori,
          demons_altar, serial_bayou, serial_bayou_pond_e, serial_bayou_pond_d,
          serial_bayou_shore_b, serial_bayou_pond_b, hangedman_decor_opposing,
          uniq_robin
D:5:      minmay_temple_entry_glassed_door
D:6:      minmay_misc_feat_room, minivault_22, uniq_menkaure
Temple:   circular_temple_6

Skill      XL: |  1  2  3  4  5  6  7  8 |
---------------+-------------------------+-----
Short Blades   | 2 3 4 5 7 8 10 11 | 11.1
Stealth        | |  1.3
Shields        | |  1.0
Unarmed Combat | |  2.0
Spellcasting   | |  2.0
Summonings     | |  3.0
Evocations     | |  1.2

Action                   |  1- 3 |  4- 6 |  7- 9 || total
-------------------------+-------+-------+-------++-------
Melee: Dagger            |   127 |   201 |   169 ||   497
       Short sword       |    29 |   103 |       ||   132
Invok: Burn Spellbooks   |       |       |     1 ||     1
Evoke: Wand              |       |     2 |       ||     2
  Use: Scroll            |     1 |     6 |     8 ||    15
       Potion            |       |     1 |     2 ||     3
 Stab: Sleeping          |     7 |     4 |       ||    11
  Eat: Chunk             |    11 |     8 |     8 ||    27
Armor: Robe              |    20 |    15 |       ||    35
       Ring mail         |       |    33 |    33 ||    66
       Skin              |       |       |     2 ||     2
Dodge: Dodged            |    62 |    72 |    23 ||   157
Block: Shield            |    56 |    73 |    29 ||   158
